 Dungeon Crawl Stone Soup version 0.27.1-35-g4d5d836560 (webtiles) character file.

Game seed: 15721965976197713136

78 Delamore the Sneak (level 4, -7/26 (29) HPs)
             Began as an Octopode Brigand on Mar 8, 2022.
             Mangled by a wight (10 damage)
             ... on level 6 of the Dungeon.
             The game lasted 00:01:18 (1986 turns).

Delamore the Sneak (Octopode Brigand)               Turns: 1986, Time: 00:01:19

HP:   -7/26 (29)    AC:  1    Str: 10    XL:     4   Next: 36%
MP:   4/4           EV: 12    Int: 13    God:
Gold: 95            SH:  0    Dex: 14    Spells: 3/3 levels left

rFire    . . .     SeeInvis .   e - +2 dagger (drain)
rCold    . . .     Faith    .   (no shield)
rNeg     . . .     Spirit   .   (helmet restricted)
rPois    .         Reflect  .   (no amulet)
rElec    .         Harm     .   (no ring)
rCorr    .         Rampage  .   (no ring)
Will     .....                  (no ring)
Stlth    ++++......             (no ring)
HPRegen  0.08/turn              (no ring)
MPRegen  0.09/turn              (no ring)
                                (no ring)
                                (no ring)

@: heavily drained
A: almost no armour, amphibious, 8 rings, camouflage 1, gelatinous body 1,
(nimble swimmer 1), tentacles
a: no special abilities


You were on level 6 of the Dungeon.
You visited 1 branch of the dungeon, and saw 5 of its levels.

You collected 95 gold pieces.

Inventory:

Hand Weapons
 a - a +2 dagger
 e - a +2 dagger of draining (weapon)
Missiles
 b - 8 poisoned darts (quivered)
 c - 2 curare-tipped darts
Scrolls
 f - a scroll of identify {unknown}
 g - a scroll of holy word {unknown}
 h - a scroll of fog {unknown}
 i - 2 scrolls of teleportation
 l - a scroll of magic mapping
 n - a scroll of enchant armour {unknown}
Potions
 d - a potion of invisibility {unknown}
 j - a potion of curing {unknown}
 k - a potion of cancellation {unknown}
 m - 2 potions of brilliance {unknown}


   Skills:
 - Level 2.0 Fighting
 + Level 3.0 Short Blades
 - Level 2.0 Throwing
 - Level 1.0 Dodging
 * Level 7.2 Stealth


You had 3 spell levels left.
You didn't know any spells.
Your spell library contained the following spells:

 Spells                   Type           Power      Damage    Failure   Level
 Foxfire                  Conj/Fire      0%         2x1d4     30%         1
 Conjure Flame            Conj/Fire      0%         6-21      67%         3
 Inner Flame              Hex/Fire       0%         N/A       67%         3


Dungeon Overview and Level Annotations

Branches:
Dungeon (6/15)
 Temple: D:4-7

Altars:
Okawaru


Innate Abilities, Weirdness & Mutations

You cannot wear most types of armour.
You are amphibious.
You can wear up to eight rings at the same time.
Your skin changes colour to match your surroundings (Stealth+).
Your rubbery body absorbs attacks. (AC +1, EV +1)
((You are camouflaged near water. (Stealth+)))
You have tentacles for arms and can constrict up to eight enemies at once.


Message History

Found a long sword.
Found a spear.
There is an open door here.
You open the door.
There is an open door here.
You fall into a shaft and drop 2 floors!
The shaft crumbles and collapses.
Found a falchion, a hand axe, a mace, a spear and a leather armour.
Found an iron altar of Okawaru.
Found 8 arrows.
Found 8 stones, a thick jewelled staff and a smoky inky potion.
Found a stone staircase leading down.
A wight comes into view. It is wielding a +5 hand axe.
A wight is nearby!
A wight comes into view.
It is wielding a +3 scimitar. 2 wights come into view.
A wight comes into view. It is wielding a +1 spear.
Found 15 arrows.
The helpless wight fails to defend itself.
You impale the wight!!
You destroy the wight!
Your Short Blades skill increases to level 3!
Your Stealth skill increases to level 7!
You have reached level 4!
The wight hits you with a +3 scimitar!
You feel drained.
You barely miss the wight. Your grab misses the wight.
The wight hits you with a +0 hand axe!
You feel drained.
There is a stone staircase leading down here.
You can't go up here!
The wight hits you with a +0 long sword!
* * * LOW HITPOINT WARNING * * *
You feel drained.
* * * LOW HITPOINT WARNING * * *
You climb downwards.
Found a falchion, a whip, 9 gold pieces and a There-And-Back Book.
Found a stone staircase leading up and a stone staircase leading down.
There is a stone staircase leading up here.
Found a Trismegistus Codex.
The wight hits you with a +0 long sword!
You die...

:# .# .# #
.#.#
#####.#.###
#.....)...#
#.........##
#..<@.......
#.........#
##:.#.$####
#.. ..#


You could see a scorpion and a wight.

Vanquished Creatures
  A wight (D:5)
  An adder (D:2)
  A dart slug (D:1)
  3 bats (D:1)
  2 endoplasms
  2 giant cockroaches
  3 goblins
  2 hobgoblins (D:1)
  2 kobolds (D:2)
  3 quokkas
  2 ball pythons
  A frilled lizard (D:2)
  4 rats (D:1)
27 creatures vanquished.

Notes
Turn   | Place    | Note
-------+----------+-------------------------------------------
     0 | D:1      | Delamore the Octopode Brigand began the quest for the Orb.
     0 | D:1      | Reached XP level 1. HP: 14/14 MP: 1/1
   335 | D:1      | Reached XP level 2. HP: 19/19 MP: 2/2
   622 | D:1      | Reached skill level 6 in Stealth
  1001 | D:2      | Found a faded altar of an unknown god.
  1010 | D:2      | Reached XP level 3. HP: 24/24 MP: 3/3
  1960 | D:3      | You fall into a shaft and drop 2 floors!
  1960 | D:5      | Entered Level 5 of the Dungeon
  1960 | D:5      | Found an iron altar of Okawaru.
  1974 | D:5      | Reached skill level 7 in Stealth
  1974 | D:5      | Reached XP level 4. HP: 29/29 MP: 4/4
  1985 | D:6      | Noticed a scorpion
  1986 | D:6      | Mangled by a wight

Illustrated notes

Levels and vault maps discovered:
D:1:      minmay_arrival_four_circles, layout_basic, serial_curves,
          eino_curves_01, eino_curves_02, chequers_serial_rivers_marsh,
          hex_intersection, minmay_misc_feat_doors
D:2:      layout_basic, shapermc_ecumenical_altar_totnotflames,
          minmay_misc_feat_plants, eino_curves_04,
          chequers_serial_rivers_micro_b
D:3:      layout_basic, jmf_multi_god_temple
D:5:      layout_basic, fedhas_altar_1, okawaru_ov_weapons_minmay,
          uniq_prince_ribbit1, uniq_blork_the_orc, uniq_eustachio, uniq_sigmund
D:6:      layout_loops_ring, serial_shops, shop, minmay_misc_feat_x

Skill      XL: |  1  2  3 |
---------------+----------+-----
Stealth        | 6 7 |  7.2
Short Blades   | 3 |  3.0
Fighting       | |  2.0
Throwing       | |  2.0
Dodging        | |  1.0

Action                   |  1- 3 |  4- 6 || total
-------------------------+-------+-------++-------
Melee: Dagger            |    40 |     1 ||    41
       Constrict         |     7 |       ||     7
       Tentacles         |     1 |       ||     1
  Use: Scroll            |     2 |       ||     2
 Stab: Sleeping          |    12 |       ||    12
Armor: Skin              |     3 |       ||     3
Dodge: Dodged            |    15 |       ||    15
